coffeebug, chaotic male orcish Barbarian ----- 4 43 4...| ---------..-- ---- |..a@...|...-- --..... |......A|4...---....... |...@....a@a%@.......... |...@...|..55---......... 5 |.......|...-- --..%.... 5---------..-- ----%--- 4 55 5...| |...------ ----- |.........| -------...- |.... --. coffeebug the Raider Experience level: 15 Strength: 18/47 Dexterity: 18 Constitution: 18 Intelligence: 10 Wisdom: 15 Charisma: 9 Health: 289(289) Energy: 43(43) Def: 41 Gold: 0 Moves: 25431 Dungeon seed: -T-humt1SipMC9GU Game ID: coffeebug_1433679902 Your Inventory: Amulets L - an uncursed amulet of life saving (being worn) Weapons o - a blessed rustproof +6 long sword (wielded in other hand) p - the blessed rustproof +6 Sunsword (weapon in hand) Armor e - a blessed greased +1 dented pot (being worn) j - a blessed +4 pair of speed boots q - a blessed +4 silver dragon scale mail (being worn) r - a blessed +5 T-shirt (being worn) y - an uncursed +0 pair of jumping boots (being worn) P - an uncursed +4 pair of leather gloves (being worn) Z - a blessed fireproof +4 cloak of magic resistance (being worn) Comestibles A - an uncursed lizard corpse Scrolls h - an uncursed scroll of scare monster Spellbooks a - the uncursed Book of the Dead Potions W - 2 blessed potions of full healing Rings s - an uncursed ring of free action (on right hand) D - a blessed +1 ring of increase damage named worn F - an uncursed ring of regeneration (on left hand) Wands f - an uncursed wand of light (0:13) g - an uncursed wand of striking (0:7) l - an uncursed wand of teleportation (0:4) m - an uncursed wand of lightning (0:1) z - an uncursed wand of cancellation (0:3) B - an uncursed wand of teleportation (0:3) E - an uncursed wand of digging (0:2) I - an uncursed wand of death (0:0) J - an uncursed wand of digging (0:3) M - a blessed wand of polymorph named stupid conducts (0:6) N - an uncursed wand of death (0:1) O - an uncursed wand of digging (0:5) Q - an uncursed wand of fire (0:6) R - an uncursed wand of striking (0:2) S - an uncursed wand of lightning (0:8) T - an uncursed wand of digging (0:7) V - an uncursed wand of death named Orcus' (0:4) X - an uncursed wand of digging (0:5) Tools b - a blessed +0 unicorn horn named pois sl shk fr cld SI c - an uncursed stethoscope k - an uncursed tooled horn u - an uncursed towel v - the blessed Master Key of Thievery w - a blessed drum of earthquake (0:6) G - the uncursed Candelabrum of Invocation (7 candles, lit) (0:75) H - a blessed greased bag of holding K - the uncursed Bell of Opening (0:2) Y - an uncursed skeleton key named prot8 Gems n - the blessed Heart of Ahriman Contents of the bag of holding: an uncursed amulet of life saving named Vlad the blessed rustproof +3 Cleaver the blessed +6 Snickersnee a cursed +0 pair of levitation boots named Perseus' 19 uncursed K-rations 2 uncursed eggs 2 blessed scrolls of blank paper 3 uncursed scrolls of earth an uncursed scroll of identify 4 uncursed scrolls of remove curse 2 uncursed diluted potions of full healing 6 uncursed potions of booze 2 uncursed potions of extra healing a cursed potion of extra healing an uncursed potion of gain energy an uncursed potion of gain level 3 uncursed potions of healing 14 potions of holy water an uncursed ring of polymorph an uncursed ring of polymorph control a blessed ring of teleportation a blessed wand of enlightenment (0:15) an uncursed wand of fire (0:2) an uncursed wand of light (0:10) an uncursed wand of lightning (0:6) a blessed wand of lightning (0:5) an uncursed wand of lightning (0:2) an uncursed wand of speed monster (0:5) an uncursed wand of striking (0:7) an uncursed wand of striking (0:5) an uncursed wand of striking (0:3) an uncursed wand of striking (0:3) an uncursed wand of striking (0:1) an uncursed wand of teleportation (0:5) an uncursed wand of teleportation (0:5) an uncursed wand of teleportation (0:5) a cursed wand of teleportation (0:4) an uncursed can of grease (0:13) an uncursed +0 pick-axe Spells known in the end: Name Level Category Fail Memory a - cure blindness 2 healing 100% 35% b - jumping 1 escape 100% 38% Your skills at the end: Fighting Skills bare handed combat [Basic] two weapon combat [Expert] Weapon Skills axe [Basic] short sword [Basic] long sword [Expert] Spellcasting Skills Final Attributes: You were piously aligned. You were fire resistant. You were cold resistant. You were sleep resistant. You were shock resistant. You were poison resistant. You were magic-protected. You saw invisible. You were telepathic. You were warned. You had infravision. You were stealthy. You could jump. You could teleport. You had teleport control. You regenerated. You were protected. You were fast. You had reflection. You had free action. Your life would have been saved. You were wielding two weapons at once. You were extremely lucky. You had extra luck. Good luck did not time out for you. You survived. Vanquished creatures: Orcus Juiblex The Wizard of Yendor (thrice) Pestilence a high priest a mastodon Medusa 11 krakens an iron golem a master lich a storm giant a glass golem Thoth Amon a purple worm a gray dragon 4 silver dragons 3 red dragons an orange dragon 5 black dragons 2 blue dragons a green dragon 2 yellow dragons 21 minotaurs 2 jabberwocks 2 baluchitheria an Angel 7 demiliches Vlad the Impaler 2 stone golems 4 Olog-hai 2 Nazgul 4 pit fiends a sandestin 3 hell hounds 4 titanotheres 2 trappers 2 baby orange dragons a guardian naga 2 disenchanters 18 vampire lords 6 shades 5 skeletons 10 aligned priests 3 captains 3 liches a clay golem 5 nurses 9 ice devils 2 nalfeshnees a lurker above an Aleax a frost giant an ettin a golden naga 2 black puddings 19 vampires 25 ghosts 2 lieutenants a knight a tourist a queen bee 4 winged gargoyles 7 giant mimics 3 fire giants an ice troll 45 rock trolls 6 umber hulks 2 Elvenkings 2 doppelgangers 9 hezrous 6 bone devils 2 large mimics 2 wumpuses 6 long worms 5 couatls 4 stalkers 2 air elementals 4 water elementals a giant mummy 7 xorns 21 giant zombies 2 elf-lords 10 sergeants 6 water demons a barbed devil 12 vrocks a winter wolf 8 hell hound pups 10 small mimics a warhorse a steam vortex 8 xans 2 ettin mummies 7 ogre lords 4 quantum mechanics 34 trolls an erinys 6 mariliths 5 sharks 8 electric eels 2 gelatinous cubes 3 pyrolisks 5 large dogs 2 freezing spheres 4 flaming spheres 4 shocking spheres 2 large cats 2 tigers a gargoyle 4 tengu 2 ochre jellies 5 leocrottas 2 energy vortices 3 stone giants 4 elf mummies 4 human mummies a red naga a green slime 5 pit vipers 3 pythons 4 cobras 50 wraiths a carnivorous ape 19 ettin zombies 2 leather golems 2 Grey-elves 62 soldiers a watchman a horned devil 8 succubi 5 incubi 5 chameleons 2 crocodiles 15 giant beetles a quivering blob 6 cockatrices 9 wolves 3 winter wolf cubs a lynx 2 panthers 9 gremlins 32 leprechauns 4 spotted jellies 2 mountain nymphs an orc-captain 2 iron piercers 2 mumakil 8 giant spiders 2 scorpions 2 horses an ice vortex 5 black lights 8 vampire bats a forest centaur 6 gnome kings 2 orc mummies 2 dwarf mummies 62 ogres 8 rust monsters 4 owlbears 3 yetis 2 gold golems 2 werewolves 5 Green-elves 5 piranhas 10 giant eels 3 chickatrices 4 dogs 3 dingos a housecat 3 dwarf lords a water nymph 2 white unicorns 3 dust vortices 4 ravens a plains centaur 3 gnome mummies 4 snakes 11 apes 18 human zombies 5 Woodland-elves 12 soldier ants 11 fire ants a bugbear 2 quasits 4 wood nymphs 4 Uruk-hai 2 rock piercers 3 rock moles a pony 4 fog clouds 6 yellow lights 3 shriekers 3 violet fungi 15 gnome lords 6 gnomish wizards 2 kobold mummies a red naga hatchling a golden naga hatchling a guardian naga hatchling 5 gray oozes 2 barrow wights 14 elf zombies 12 ghouls a straw golem a paper golem 5 jellyfish 20 giant ants a little dog 5 floating eyes a kitten 16 dwarves 2 kobold lords a kobold shaman 8 rothes a rabid rat 2 centipedes 2 giant bats 2 monkeys 22 orc zombies 14 dwarf zombies 2 wererats 2 werejackals 6 iguanas 41 killer bees 2 acid blobs 7 coyotes 3 gas spores 9 hobbits a hobgoblin 5 giant rats a brown mold a yellow mold a green mold a red mold 61 gnomes 11 garter snakes 12 manes 15 gnome zombies 11 geckos 4 jackals 3 foxen a kobold a goblin 2 sewer rats 20 grid bugs 7 bats 11 lichens 22 kobold zombies 13 newts 1499 creatures vanquished. Genocided or extinct species: liches demiliches master liches arch-liches ogres (extinct) jellyfish piranhas sharks giant eels electric eels krakens 10 species genocided. 1 species extinct. Voluntary challenges: You had followed a strict vegan diet until turn 2908. You had followed a strict vegetarian diet until turn 2908. You had been an atheist until turn 2215. You used a wielded weapon 2723 times, starting on turn 1. You read items or engraved 179 times, starting on turn 772. You genocided 10 types of monsters, starting on turn 23052. You polymorphed 12 items, starting on turn 23074. You changed form 1 time, starting on turn 23083. You completed Sokoban on turn 10080, according to the rules. You used 8 wishes, starting on turn 12603. You wished for your your first artifact on turn 12603. You split 1 pudding, starting on turn 13169. You wrote Elbereth's name 46 times, starting on turn 772. You violated your moral code, losing 11 points of alignment, starting on turn 5762. Dungeon overview: The Dungeons of Doom: levels 1 to 27 Level 1 some fountains stairs to The Elemental Planes Level 2 (HOLY WATER) a potion shop stairs to The Gnomish Mines Level 3 (stash at >) an altar to Crom Level 4 a sink Level 5 (300z? in shop) a scroll shop Level 6 Level 7 Level 8 a potion shop Level 9 Level 10 a general store stairs to Sokoban Level 11 an altar to Set Level 12 Level 13 Level 14 a sink Level 15 a sink Level 16 (Q) portal to The Quest Level 17 Level 18 (Q) a scroll shop Level 19 a sink Level 20 Level 21 (STASH) a temple to Set Level 22 an altar to Mitra, a fountain Level 23 Level 24 some altars to Mitra and Crom Level 25 (Medusa) Level 26 Level 27 (Castle) Gehennom: levels 28 to 50 Level 28 a temple to Moloch stairs to The Dungeons of Doom Level 29 Level 30 Level 31 Level 32 Level 33 a fountain Level 34 (DISPATER) Level 35 Level 36 Level 37 Level 38 some shops, an altar to Moloch Level 39 (RODNEY) stairs to Vlad's Tower Level 40 Level 41 Level 42 Level 43 Level 44 Level 45 Level 46 Level 47 Level 48 Level 49 (VS) Level 50 The Gnomish Mines: levels 3 to 10 Level 3 stairs to The Dungeons of Doom Level 4 Level 5 (stash) many shops, a temple to Mitra, some fountains Level 6 Level 7 Level 8 Level 9 Level 10 The Quest: levels 1 to 5 Level 1 portal to The Dungeons of Doom Level 2 Level 3 Level 4 Level 5 an altar to Set Sokoban: levels 6 to 9 Level 6 Level 7 Level 8 Level 9 stairs to The Dungeons of Doom Vlad's Tower: levels 36 to 38 Level 36 Level 37 Level 38 stairs to Gehennom The Elemental Planes: Astral Plane <- You were here a high altar Plane 4 portal to The Elemental Planes Plane 3 portal to The Elemental Planes Plane 2 portal to The Elemental Planes Plane 1 portal to The Elemental Planes History has recorded: On T:1 you entered the Dungeons of Doom to retrieve the Amulet of Yendor! On T:63 you reached level 2 of The Dungeons of Doom. On T:399 you advanced to experience level 2. On T:614 you reached level 1 of The Gnomish Mines. On T:697 you advanced to experience level 3. On T:745 you reached level 3 of The Dungeons of Doom. On T:1700 you reached level 2 of The Gnomish Mines. On T:1951 you advanced to experience level 4. On T:2122 you reached level 3 of The Gnomish Mines. On T:2910 you advanced to experience level 5. On T:3969 you advanced to experience level 6. On T:4064 you reached level 4 of The Gnomish Mines. On T:4225 you reached level 5 of The Gnomish Mines. On T:4290 you advanced to experience level 7. On T:4374 you reached level 6 of The Gnomish Mines. On T:4413 you reached level 7 of The Gnomish Mines. On T:4666 you reached level 8 of The Gnomish Mines. On T:4987 you advanced to experience level 8. On T:6022 you reached level 4 of The Dungeons of Doom. On T:6286 you reached level 5 of The Dungeons of Doom. On T:6744 you reached level 6 of The Dungeons of Doom. On T:6802 you reached level 7 of The Dungeons of Doom. On T:7303 you reached level 8 of The Dungeons of Doom. On T:7462 you reached level 9 of The Dungeons of Doom. On T:7753 you reached level 10 of The Dungeons of Doom. On T:7842 you reached level 4 of Sokoban. On T:7962 you advanced to experience level 9. On T:8209 you reached level 3 of Sokoban. On T:8726 you reached level 2 of Sokoban. On T:9083 you reached level 1 of Sokoban. On T:10080 you entered the Sokoban zoo. On T:10342 you reached level 11 of The Dungeons of Doom. On T:10711 you reached level 12 of The Dungeons of Doom. On T:10982 you received Cleaver from Set. On T:10987 you advanced to experience level 10. On T:11240 you reached level 13 of The Dungeons of Doom. On T:11454 you reached level 14 of The Dungeons of Doom. On T:11805 you reached level 15 of The Dungeons of Doom. On T:11938 you reached level 16 of The Dungeons of Doom. On T:12126 you reached level 17 of The Dungeons of Doom. On T:12288 you advanced to experience level 11. On T:12467 you reached level 1 of The Quest. On T:12546 you reached level 18 of The Dungeons of Doom. On T:12603 you wished for "holy master key of thievery (100)". On T:12778 you reached level 19 of The Dungeons of Doom. On T:13084 you reached level 20 of The Dungeons of Doom. On T:13414 you reached level 21 of The Dungeons of Doom. On T:13475 you reached level 22 of The Dungeons of Doom. On T:13827 you reached level 23 of The Dungeons of Doom. On T:14060 you reached level 24 of The Dungeons of Doom. On T:14101 you reached level 25 of The Dungeons of Doom. On T:14345 you reached The Castle. On T:14455 you reached level 26 of The Dungeons of Doom. On T:14512 you advanced to experience level 12. On T:16044 you wished for "magic marker". On T:16044 you wished for "holy greased fixed diluted cloak of magic resistance (3)". On T:16084 you reached The Valley of the Dead. On T:16259 you advanced to experience level 13. On T:17801 you advanced to experience level 14. On T:17808 you embarked upon an epic quest. On T:17842 you reached level 2 of The Quest. On T:17905 you reached level 3 of The Quest. On T:18265 you reached level 4 of The Quest. On T:18488 you reached level 5 of The Quest. On T:18671 you killed Thoth Amon on level 5 of The Quest. On T:18787 you wished for "2 unholy genocide". On T:18857 you wished for "holy earthquake drum". On T:19352 you completed the quest! On T:19496 you reached level 2 of Gehennom. On T:19624 you reached level 3 of Gehennom. On T:19686 you reached level 4 of Gehennom. On T:19704 you reached level 5 of Gehennom. On T:19792 you reached level 6 of Gehennom. On T:19847 you killed Juiblex on level 6 of Gehennom. On T:19948 you reached level 7 of Gehennom. On T:20571 you reached level 8 of Gehennom. On T:20709 you reached level 9 of Gehennom. On T:20993 you reached level 10 of Gehennom. On T:21226 you reached level 11 of Gehennom. On T:21268 you reached level 3 of Vlad's Tower. On T:21313 you reached level 2 of Vlad's Tower. On T:21446 you reached level 1 of Vlad's Tower. On T:21458 you killed Vlad the Impaler on level 1 of Vlad's Tower. On T:21463 you wished for "magic marker named Thanks Vlad". On T:22208 you reached level 13 of Gehennom. On T:22266 you reached level 14 of Gehennom. On T:22273 you reached level 15 of Gehennom. On T:22308 you reached level 16 of Gehennom. On T:22319 you reached level 19 of Gehennom. On T:22329 you wished for "magic marker named Orcus' scroll". On T:22354 you reached level 20 of Gehennom. On T:22362 you advanced to experience level 15. On T:22375 you reached level 18 of Gehennom. On T:22427 you reached level 17 of Gehennom. On T:22583 you reached level 21 of Gehennom. On T:22728 you reached level 22 of Gehennom. On T:23056 you wished for "holy wand of polymorph named stupid conducts". On T:23366 you killed Orcus on level 11 of Gehennom. On T:23610 you killed Wizard of Yendor on level 12 of Gehennom. On T:23656 you performed the invocation. On T:23699 you reached level 23 of Gehennom. On T:23907 you killed high priestess of Moloch on level 23 of Gehennom. On T:23911 you gained the Amulet of Yendor! On T:24830 you killed Medusa on level 25 of The Dungeons of Doom. On T:24912 you killed Wizard of Yendor on level 17 of The Dungeons of Doom. On T:25244 you reached the Plane of Earth. On T:25245 you killed Wizard of Yendor on the Plane of Earth. On T:25305 you reached the Plane of Air. On T:25346 you reached the Plane of Fire. On T:25360 you reached the Plane of Water. On T:25400 you reached the Astral Plane. On T:25410 you killed Pestilence on the Astral Plane. On T:25431 you lost the Amulet of Yendor. On T:25431 you offered the Amulet of Yendor to Set and ascended to the status of Demigod! Score breakdown: Gold: 0 ( 0 points) Experience: 15 levels (20844 points) Exploration: 50 levels (100.00%) (30000 points) Discoveries: 89 items ( 36.03%) (18008 points) Valuables value: 300 ( 8431 points) Artifact value: 27500 (15101 points) Variety of kills: 250 monsters ( 65.96%) (24365 points) Time penalty: 25431 turns (-3757 points) Survival: ascended (score multiplied by 200%) Total score: 225984 Latest messages: There is an altar to Set (chaotic) here. You offer the Amulet of Yendor to Set... An invisible choir sings, and you are bathed in radiance... The voice of Set thunders: "Congratulations, mortal!" "In return for thy service, I grant thee the gift of Immortality!" You ascend to the status of Demigod... Final status: Goodbye coffeebug the Demigod, ascended... You went to your reward with 225984 points, The Book of the Dead (worth 10000 zorkmids) The Heart of Ahriman (worth 2500 zorkmids) Sunsword (worth 1500 zorkmids) The Master Key of Thievery (worth 3500 zorkmids) The Candelabrum of Invocation (worth 5000 zorkmids) Snickersnee (worth 1200 zorkmids) Cleaver (worth 1500 zorkmids) The Bell of Opening (worth 5000 zorkmids) 2 amulets of life saving (worth 300 zorkmids), and 0 pieces of gold, after 25431 moves. You were level 15 with a maximum of 289 hit points when you ascended.